 Dungeon Crawl Stone Soup version 0.31.0-9-g3a7656b989 (webtiles) character file.

Game seed: 13820756126912617289

1784 Killerpretzel the Geomancer (level 9, -1/45 HPs)
             Began as a Gargoyle Earth Elementalist on Jan 26, 2024.
             Slain by a boulder beetle (18 damage)
             ... on level 6 of the Dungeon.
             The game lasted 00:23:54 (5342 turns).

Killerpretzel the Geomancer (GrEE)                  Turns: 5342, Time: 00:23:54

Health: -1/45      AC: 10    Str: 12    XL:     9   Next: 8%
Magic:  11/18      EV: 17    Int: 20    God:
Gold:   360        SH:  0    Dex: 10    Spells: 16/20 levels left

rFire   . . .        C - staff of conjuration
rCold   . . .        (no shield)
rNeg    + . .        a - +0 robe
rPois   ∞            (no helmet)
rElec   +            (no cloak)
rCorr   .            q - +0 pair of gloves
SInv    .            l - +0 pair of boots
Will    .....        (no amulet)
Stlth   ++           m - +5 ring of evasion
HPRegen 0.27/turn    (no ring)
MPRegen 0.16/turn

%: no passive effects
@: no status effects
A: sickness immunity, AC +6, negative energy resistance 1, electricity
resistance, torment resistance 1, petrification resistance
a: no special abilities


You were on level 6 of the Dungeon.
You visited 1 branch of the dungeon, and saw 6 of its levels.

You collected 360 gold pieces.

Inventory:

Hand Weapons
 p - a +2 spear of venom
 u - a +1 dagger of venom
 x - a +1 hand axe of venom
Missiles
 w - a throwing net
Armour
 a - a +0 robe (worn)
 l - a +0 pair of boots (worn)
 q - a +0 pair of gloves (worn)
Magical Staves
 C - a staff of conjuration (weapon)
Jewellery
 m - a +5 ring of evasion (left hand)
Talismans
 k - a talisman of death
Wands
 e - a wand of flame (15) (quivered)
 g - a wand of mindburst (12)
 t - a wand of quicksilver (7)
Scrolls
 f - 4 scrolls of identify
 j - 2 scrolls of poison {unknown}
 r - 2 scrolls of teleportation
 s - a scroll of vulnerability {unknown}
 v - a scroll of fog
 y - a scroll of blinking
 B - a scroll of acquirement {unknown}
 D - a scroll of enchant weapon {unknown}
 E - a scroll of immolation
Potions
 b - 2 potions of magic
 c - 2 potions of haste
 d - 4 potions of curing
 h - a potion of berserk rage
 i - a potion of lignification
 n - a potion of ambrosia
 o - 4 potions of heal wounds
 z - a potion of attraction {unknown}
 A - a potion of might


   Skills:
 - Level 2.1 Dodging
 - Level 3.1 Stealth
 * Level 6.2 Spellcasting
 * Level 6.9 Conjurations
 * Level 8.4 Earth Magic


You had 16 spell levels left.
You knew the following spells:

 Your Spells              Type           Power      Damage    Failure   Level
a - Sandblast             Erth           80%        2d17      1%          1
b - Passwall              Erth           40%        N/A       1%          3

Your spell library contained the following spells:

 Spells                   Type           Power      Damage    Failure   Level
 Stone Arrow              Conj/Erth      100%       3d13      1%          3
 Momentum Strike          Conj/Tloc      60%        3d9       3%          2
 Brom's Barrelling Bould  Conj/Erth      54%        2d7       4%          4
 Blink                    Tloc           12%        N/A       16%         2
 Lesser Beckoning         Tloc           12%        N/A       16%         2
 Petrify                  Alch/Erth      23%        N/A       19%         4


Dungeon Overview and Level Annotations

Branches:
Dungeon (6/15)
 Temple: D:4-7

Altars:
Cheibriados
Gozag
Hepliaklqana

Shops:
D:6 !!

Annotations:
D:6 2 runed translucent doors


Innate Abilities, Weirdness & Mutations

You are immune to sickness and miasma.
Your stone body is resilient. (AC +6)
You are immune to poison.
You resist negative energy. (rN+)
You are resistant to electric shocks. (rElec)
You are resistant to unholy torment.
You are immune to petrification.


Message History

Confirm with . or Enter, or press ? or * to list all spells.
Aiming: Sandblast (safe; 1% risk of failure)
Press: ? - help, Shift-Dir - straight line, f - boulder beetle
Aim: a boulder beetle (wandering, hasn't noticed you, 100% to hit)
The blast of sand hits the boulder beetle but does no damage.
A boulder beetle is nearby!
Casting: Sandblast (safe; 1% risk of failure)
Confirm with . or Enter, or press ? or * to list all spells.
Aiming: Sandblast (safe; 1% risk of failure)
Press: ? - help, Shift-Dir - straight line, f/p - boulder beetle
Aim: a boulder beetle (100% to hit)
The blast of sand hits the boulder beetle but does no damage.
The boulder beetle leaps!
A boulder beetle is nearby!
Casting: Sandblast (safe; 1% risk of failure)
Confirm with . or Enter, or press ? or * to list all spells.
Aiming: Sandblast (safe; 1% risk of failure)
Press: ? - help, Shift-Dir - straight line, f/p - boulder beetle
Aim: a boulder beetle (100% to hit)
The blast of sand hits the boulder beetle but does no damage.
The boulder beetle curls into a ball and begins rolling!
A boulder beetle is nearby!
Casting: Sandblast (safe; 1% risk of failure)
Confirm with . or Enter, or press ? or * to list all spells.
Aiming: Sandblast (safe; 1% risk of failure)
Press: ? - help, Shift-Dir - straight line, f/p - boulder beetle
Aim: a boulder beetle (rolling, 100% to hit)
The blast of sand hits the boulder beetle but does no damage.
The boulder beetle hits you!!
The boulder beetle stops rolling and uncurls.
A boulder beetle is nearby!
Casting: Sandblast (safe; 1% risk of failure)
Confirm with . or Enter, or press ? or * to list all spells.
Aiming: Sandblast (safe; 1% risk of failure)
Press: ? - help, Shift-Dir - straight line, f/p - boulder beetle
Aim: a boulder beetle (100% to hit)
The blast of sand hits the boulder beetle.
The boulder beetle is lightly wounded.
The boulder beetle bites you! The boulder beetle bites you!!
You die...

#.#8....8# ##.....)...#
#.#:....[# #.........###
#.#=....[# #..#..###.###
#.#8.(..8# ##...........
#.##8.C8####### #...##......
#..##++##.'.#.## #....#.###.#
#...).....#..#.# #.####.##...
#.######..#.####.#....#.###..
#..### #..##@B°.##.##+#......
##...###...######......#####.
###..##...............# #.
##..................# #.
#...............#'######.
#.............#........##
#.......#######..........
#.......# #..........
#.......# #..........


You could see a boulder beetle.

Vanquished Creatures
  Grinder (D:3)
  2 ice beasts (D:6)
  3 ogres
  A sky beast (D:6)
  A centaur (D:6)
  2 phantoms
  A bullfrog (D:6)
  Blork the orc (D:5)
  3 scorpions
  A howler monkey (D:6)
  2 hounds (D:5)
  A sleepcap (D:4)
  4 iguanas
  An orc wizard (D:3)
  Ijyb (D:4)
  Natasha (twice) (D:3)
  9 adders
  An ufetubus (D:6)
  A ribbon worm (D:2)
  6 dart slugs
  17 orcs
  6 endoplasms
  5 giant cockroaches
  2 goblins
  10 hobgoblins
  6 jackals
  2 quokkas
  10 ball pythons
  6 bats
  7 kobolds
  6 rats
121 creatures vanquished.

Notes
Turn   | Place    | Note
-------+----------+-------------------------------------------
     0 | D:1      | Killerpretzel the Gargoyle Earth Elementalist began the
                  | quest for the Orb.
     0 | D:1      | Reached XP level 1. HP: 10/10 MP: 3/3
     7 | D:1      | You fall into a shaft and drop 1 floor!
   171 | D:1      | Reached XP level 2. HP: 5/15 MP: 1/5
   372 | D:1      | Reached XP level 3. HP: 19/19 MP: 2/6
   518 | D:1      | Reached skill level 4 in Earth Magic
  1223 | D:2      | Reached XP level 4. HP: 24/24 MP: 4/7
  1842 | D:3      | Noticed Natasha
  1846 | D:3      | Killed Natasha
  1927 | D:3      | Noticed Grinder
  1940 | D:3      | Paralysed by Grinder for 5 turns
  1947 | D:3      | Killed Grinder
  1948 | D:3      | Reached skill level 5 in Earth Magic
  1948 | D:3      | Reached XP level 5. HP: 24/28 MP: 2/10
  1948 | D:3      | Reached XP level 6. HP: 27/32 MP: 2/11
  1952 | D:3      | Learned a level 3 spell: Passwall
  2629 | D:3      | Noticed Natasha
  2633 | D:3      | Killed Natasha
  2907 | D:3      | Found a faded altar of an unknown god.
  3035 | D:4      | Reached XP level 7. HP: 32/36 MP: 7/12
  3619 | D:4      | Noticed Ijyb
  3627 | D:4      | Killed Ijyb
  3920 | D:4      | Reached skill level 6 in Earth Magic
  4127 | D:5      | Entered Level 5 of the Dungeon
  4300 | D:5      | Reached skill level 5 in Conjurations
  4344 | D:5      | Found an opulent altar of Gozag.
  4418 | D:5      | Reached XP level 8. HP: 37/41 MP: 9/15
  4566 | D:5      | Noticed Blork the orc
  4571 | D:5      | Killed Blork the orc
  4572 | D:5      | Reached skill level 5 in Spellcasting
  4572 | D:5      | Reached skill level 7 in Earth Magic
  4921 | D:6      | Found a hazy altar of Hepliaklqana.
  5009 | D:6      | Found Osuu's Distillery.
  5150 | D:6      | Found Mykh's Distillery.
  5175 | D:6      | Found a snail-covered altar of Cheibriados.
  5224 | D:6      | Found a large runed translucent door.
  5224 | D:6      | Found a large runed translucent door.
  5234 | D:6      | Reached skill level 8 in Earth Magic
  5283 | D:6      | Noticed a two-headed ogre
  5283 | D:6      | Noticed a cyclops
  5294 | D:6      | Reached XP level 9. HP: 45/45 MP: 15/18
  5337 | D:6      | Noticed a boulder beetle
  5342 | D:6      | Slain by a boulder beetle

Illustrated notes

Levels and vault maps discovered:
D:1:      lightli_molten_gateway, layout_rooms, minmay_misc_feat_rows
D:2:      layout_loops_ring
D:3:      layout_loops_ring, shapermc_ecumenical_altar_hornbeckon,
          grunt_ministairs_8, kennysheep_generic_room_9, uniq_grinder,
          uniq_natasha
D:4:      layout_gridville, uniq_ijyb
D:5:      layout_rooms, nicolae_gozag_seed_capital, uniq_blork_the_orc
D:6:      layout_basic, nzn_hepliaklqana_mist_gate, amcnicky_altar_gilded,
          grunt_dithmenos_shadows, serial_shops, nicolae_shop_tiny_waterfront,
          nicolae_square_shop, nicolae_shop_rolling_square, shop,
          minmay_hollow_rounded_squares

Skill      XL: |  1  2  3  4  5  6  7  8 |
---------------+-------------------------+-----
Earth Magic    | 4 5 6 8 |  8.4
Dodging        | 2 |  2.1
Conjurations   | 2 3 4 5 6 |  6.9
Stealth        | 3 |  3.1
Spellcasting   | 3 4 6 |  6.2

Action                     |  1- 3 |  4- 6 |  7- 9 || total
---------------------------+-------+-------+-------++-------
  Melee: Unarmed           |    13 |       |       ||    13
         Punch             |     1 |       |       ||     1
         Short sword       |     4 |    25 |       ||    29
         Spear             |       |       |     1 ||     1
         Staff             |       |       |     1 ||     1
   Cast: Sandblast         |    47 |    72 |   112 ||   231
    Use: Scroll            |       |    12 |       ||    12
         Potion            |       |     3 |       ||     3
 Armour: Robe              |    21 |    17 |    27 ||    65
  Dodge: Dodged            |    32 |    43 |    58 ||   133
